 Dungeon Crawl Stone Soup version 0.29-a0-529-gfa20dd96a1 (webtiles) character file.

Game seed: 5916115105922559587

512 xian the Conjurer (level 6, -15/46 HPs)
             Began as a Draconian Conjurer on June 1, 2022.
             Demolished by an ogre
             ... wielding a +0 giant club
              (23 damage)
             ... on level 6 of the Dungeon.
             The game lasted 00:09:36 (3711 turns).

xian the Conjurer (Draconian Conjurer)              Turns: 3711, Time: 00:09:37

Health: -15/46     AC:  6    Str:  9    XL:     6   Next: 99%
Magic:  9/21       EV: 12    Int: 20    God:
Gold:   93         SH:  0    Dex: 10    Spells: 10/13 levels left

rFire   . . .      SeeInvis .   h - +1 dagger (protect)
rCold   . . .      Faith    .   (no shield)
rNeg    . . .      Spirit   .   (body armour unavailable)
rPois   .          Reflect  .   (helmet restricted)
rElec   .          Harm     .   (no cloak)
rCorr   .          Rampage  .   (no gloves)
Will    +....                   (no boots)
Stlth   ++........              (no amulet)
HPRegen 0.15/turn               n - ring of willpower
MPRegen 0.17/turn               f - ring of magical power

@: no status effects
A: AC +6, unfitting armour, cold-blooded
a: no special abilities


You were on level 6 of the Dungeon.
You visited 1 branch of the dungeon, and saw 6 of its levels.

You collected 168 gold pieces.
You spent 75 gold pieces at shops.

Inventory:

Hand Weapons
 h - a +1 dagger of protection (weapon)
 o - a +2 hunting sling of freezing
Jewellery
 b - a ring of protection from fire
 f - a ring of magical power (right hand)
 k - a ring of protection from fire
 n - a ring of willpower (left hand)
Scrolls
 c - 2 scrolls of amnesia
 e - a scroll of enchant armour
 g - a scroll of silence
 j - a scroll of vulnerability
 l - 2 scrolls of torment
 p - a scroll of enchant weapon
 q - a scroll of magic mapping {unknown}
Potions
 a - a potion of magic
 d - 2 potions of ambrosia
 i - 2 potions of brilliance
 m - a potion of mutation {unknown}


   Skills:
 + Level 0.9 Fighting
 + Level 0.4 Maces & Flails
 + Level 2.7 Dodging
 + Level 2.9 Stealth
 + Level 1.1 Unarmed Combat
 + Level 4.0 Spellcasting
 + Level 6.2 Conjurations


You had 10 spell levels left.
You knew the following spells:

 Your Spells              Type           Power      Damage    Failure   Level
a - Magic Dart            Conj           100%       1d8       1%          1
b - Searing Ray           Conj           56%        2d6       1%          2

Your spell library contained the following spells:

 Spells                   Type           Power      Damage    Failure   Level
 Dazzling Flash           Conj/Hex       32%        N/A       11%         3
 Apportation              Tloc           8%         N/A       13%         1
 Necrotize                Necr           16%        1d4       13%         1
 Summon Small Mammal      Summ           16%        N/A       13%         1
 Fulminant Prism          Conj/Hex       8%         3d7       34%         4
 Iskenderun's Mystic Bla  Conj/Tloc      16%        2d5       34%         4


Dungeon Overview and Level Annotations

Branches:
Dungeon (7/15)
 Temple: D:4-7

Altars:
Sif Muna

Shops:
D:1 =   D:4 **


Innate Abilities, Weirdness & Mutations

Your plain brown scales are hard. (AC +6)
You cannot fit into any form of body armour.
You are cold-blooded and may be slowed by cold attacks.


Message History

The black bear claws you but does no damage.
The black bear claws you.
An ogre comes into view. It is wielding a +0 giant club.
Casting: Searing Ray (safe; 1% risk of failure)
Confirm with . or Enter, or press ? or * to list all spells.
Aiming: Searing Ray (safe; 1% risk of failure)
Press: ? - help, Shift-Dir - straight line, f/p - black bear
Aim: a black bear (almost dead, berserk, 85% to hit)
The searing ray hits the black bear.
The black bear is almost dead. (Press . to maintain the ray.)
The black bear misses you. The black bear claws you.
The black bear claws you but does no damage.
The black bear misses you. The black bear claws you. x2
The searing ray hits the black bear.
You kill the black bear!
Your Spellcasting skill increases to level 4!
Unknown command.
An orc wizard comes into view. It is wielding a +0 dagger.
Casting: Searing Ray (safe; 1% risk of failure)
Confirm with . or Enter, or press ? or * to list all spells.
Aiming: Searing Ray (safe; 1% risk of failure)
Press: ? - help, Shift-Dir - straight line, f - ogre
Aim: an ogre, wielding a +0 giant club (90% to hit)
The searing ray hits the ogre.
The ogre is lightly wounded. (Press . to maintain the ray.) Unknown command.
The searing ray hits the ogre.
The ogre is moderately wounded.
The ogre hits you with a +0 giant club!!
* * * LOW HITPOINT WARNING * * *
The searing ray hits the ogre.
The ogre is moderately wounded.
The searing ray hits the ogre.
The ogre is heavily wounded.
You finish channelling your searing ray.
The ogre hits you with a +0 giant club!!
Ouch! That really hurt!
You die...

####### #.....#
#>....###
#........
#>....###
###.....#
#....@###
#....O.########
#..............
#......########
#......# ...
#.....)##.....
#.............
#.....#.......
#.............


You could see an ogre.

Vanquished Creatures
  A black bear (D:6)
  A bullfrog (D:7)
  2 jellies (D:4)
  An orc priest (D:3)
  Jessica (D:2)
  Terence (D:2)
  2 iguanas
  An orc wizard (D:6)
  4 gnolls (D:3)
  4 adders
  A dart slug (D:2)
  5 orcs
  4 ball pythons
  3 endoplasms
  3 giant cockroaches
  9 goblins
  7 hobgoblins
  5 jackals (D:1)
  3 kobolds
  A quokka (D:2)
  4 bats
  2 rats
65 creatures vanquished.

Notes
Turn   | Place    | Note
-------+----------+-------------------------------------------
     0 | D:1      | xian the Draconian Conjurer began the quest for the Orb.
     0 | D:1      | Reached XP level 1. HP: 14/14 MP: 3/3
   100 | D:1      | Found a faded altar of an unknown god.
   837 | D:1      | Found Ufat's Jewellery Emporium.
  1028 | D:1      | Reached XP level 2. HP: 20/20 MP: 1/5
  1557 | D:2      | Noticed Jessica
  1561 | D:2      | Killed Jessica
  1562 | D:2      | Reached skill level 1 in Unarmed Combat
  1562 | D:2      | Reached XP level 3. HP: 26/26 MP: 6/6
  1566 | D:2      | Learned a level 2 spell: Searing Ray
  1613 | D:2      | Noticed Terence
  1621 | D:2      | Killed Terence
  1622 | D:2      | Reached XP level 4. HP: 33/33 MP: 7/7
  1879 | D:2      | Reached skill level 5 in Conjurations
  2465 | D:3      | Found a shimmering blue altar of Sif Muna.
  2487 | D:3      | Reached XP level 5. HP: 38/38 MP: 9/9
  3261 | D:4      | Reached XP level 6. HP: 46/46 MP: 10/10
  3290 | D:4      | Found Cexkics's General Store.
  3293 | D:4      | Found Rots's Specific Store.
  3308 | D:4      | Bought a scroll of enchant weapon for 75 gold pieces
  3643 | D:4      | You fall into a shaft and drop 3 floors!
  3651 | D:7      | Reached skill level 6 in Conjurations
  3711 | D:6      | Demolished by an ogre

Illustrated notes

Levels and vault maps discovered:
D:1:      lightli_arrival_chessboard, layout_loops_corners,
          dreamdust_ecumenical_altar_statues, serial_shops, shop
D:2:      layout_loops_ring, uniq_jessica, uniq_terence
D:3:      layout_rooms, nicolae_overflow_hidden_temple
D:4:      layout_basic, doesnt_xom_only_xom, nicolae_specific_store, uniq_ijyb
D:6:      layout_rooms, lemuel_zombie_altar_yredelemnul,
          nicolae_overflow_quartered_altars, old_standard_altar,
          corexii_item_surrounded_by_moat
D:7:      layout_cave_pools, minmay_temple_entry_hall, enter_bailey_6,
          serial_shops, nicolae_shop_competitors_out_of_business,
          nicolae_shop_dragon_depot, minmay_unpleasant_kobolds

Skill      XL: |  1  2  3  4  5  6 |
---------------+-------------------+-----
Dodging        | 2 |  2.7
Stealth        | 2 |  2.9
Unarmed Combat | 1 |  1.1
Conjurations   | 5 6 |  6.2
Spellcasting   | 3 4 |  4.0
Fighting       | |  0.9
Maces & Flails | |  0.4

Action                   |  1- 3 |  4- 6 || total
-------------------------+-------+-------++-------
Melee: Unarmed           |    21 |       ||    21
       Tailslap          |     2 |       ||     2
       Club              |     9 |       ||     9
       Dagger            |       |     1 ||     1
 Cast: Magic Dart        |    29 |    76 ||   105
       Searing Ray       |     2 |    13 ||    15
  Use: Scroll            |       |     7 ||     7
Armor: Skin              |    14 |     8 ||    22
Dodge: Dodged            |    32 |    16 ||    48

Table legend: (Time is in decaauts)
 A = Elapsed time spent in this place.
 B = Non-inter-level travel time spent in this place.
 C = Inter-level travel time spent in this place.
 D = Time resting spent in this place.
 E = Time spent auto-exploring this place.
 F = Levels seen in this place.
 G = Mean time per level.
                   A        B        C        D        E       F      G
               +--------+--------+--------+--------+--------+-----+--------+
         Total |   3714 |   3642 |     72 |    444 |   2636 |   6 |  619.0 |
       Dungeon |   3714 |   3642 |     72 |    444 |   2636 |   6 |  619.0 |
               +--------+--------+--------+--------+--------+-----+--------+

Top non-repeatable levels by time:
     D:1: 1365 daAuts
     D:2: 974 daAuts
     D:3: 735 daAuts
     D:4: 570 daAuts
     D:6: 45 daAuts
     D:7: 21 daAuts
